← All builds
Geo / Cortex / Economy first / OBSERVED BUILD

Incisor raid

Geo detours through a Vehicle Plant to send Incisors raiding from under 7 minutes, well before the role's usual T2 push, before transitioning back into normal T2 supply.

#raid #rush · 19 distinct matches · 10 players · 5% of Cortex Geo games · team won 42% of 19 · Recently observed

THE CATCH, AND WHAT COMES WITH IT
  • IncisorT1 vehicle raid from 6:48 · 9% of role by thenFrom the Vehicle Plant. Only 9% of Geo games have it by then; others who build it get it around 7:17
  • IncisorIncisor in 68%6% of all Geo games by then
  • PrudePrude in 47%15% of all Geo games by then

Started with Incisor (89%), Blitz (5%), Rascal (5%).

Where those units first fight, in 19 games with kill data: in the middle 53%, on their own side 42%, in the enemy base 5%.

Those units destroy a typical 3,699 metal of enemy units by 15:00.

HOW TO PLAY IT

Key timing: Vehicle Plant by 6:39, Incisor raid from 6:48

  1. Open bot lab and standard mex/wind as normal for Geo.
  2. Rush geo early to fund the vehicle transition.
  3. Build a vehicle plant instead of going straight to T2.
  4. Push Incisor raiders into the enemy economy before T2 units.
  5. Fold back into Sheldon and Sumo T2 units for front.

Phase by phase

TYPICAL OF ITS 19 GAMES · AGAINST STANDARD GEO
  1. 1
  2. 2
  3. 3
  4. 4
PLAY THE OPENING

Follow the example game's first 7:48 step by step: what to build now, what comes next, and where it goes. At 1× it keeps pace with your own game.

  1. 1

    Up to the Bot Lab

    Economy
    • Metal Extractor3Mex
    • Wind Turbine4Wind+2 vs standard
    Order
    1. Bot LabBot Lab after 3 mex, 4 winddone ~1:06, middle half 0:57–1:27

    By 0:49 in all: 3 mex · 4 wind (standard 2)

    The example game in this phase · 3 steps
    1. Mex ×2
    2. Wind ×3
    3. Bot LabBot Labdone 0:53 · typical 1:06
  2. 2

    Bot Lab to 5:00

    Economy
    • Metal Extractor2Mex
    • Wind Turbine3Wind−2 vs standard
    • Energy Converter8Converter
    • Energy Storage1Energy storage
    Order
    1. Geothermal PowerplantGeo after 4 mex, 6 wind, 1 energy storage
    Builders
    • Construction Turret5 Con turret
    • Graverobber4 Graverobber
    • Construction Bot2 Con bot
    • Construction Bot1 Con bot for allies
    • Graverobber1 Graverobber for allies

    By 5:00 in all: 4 mex · 6 wind · 1 geo · 8 converter · 1 energy storage · 5 con turret

    The example game in this phase · 27 steps
    1. Wind
    2. GraverobberGraverobber
    3. Wind ×2
    4. GraverobberGraverobber
    5. Wind
    6. GraverobberGraverobber
    7. Construction BotCon bot
    8. Wind
    9. Construction BotCon bot
    10. GraverobberGraverobberfor Beach sea
    11. Mex
    12. GraverobberGraverobber
    13. Construction BotCon botfor Beach sea
    14. Mex
    15. Energy storage
    16. Geothermal PowerplantGeodone 3:20 · typical 3:20
    17. Con turret ×2
    18. Converter
    19. Con turret
    20. Converter ×5
    21. Con turret
    22. Wind
    23. Con turret
    24. Wind ×3
    25. Energy storage
    26. Con turret
    27. Wind
  3. 3

    5:00 to T1 vehicle raid

    Order
    1. Vehicle PlantVehicle Plant after 10 wind, 11 converter, 7 con turretin 79% of games
    2. IncisorT1 vehicle raid after 9 wind, 9 converter, 6 con turret

    Some games also: converter (42%) · con turret (42%) · wind (37%)

    The standard build makes here, this one skips: 2 converter

    By 6:42 in all: 4 mex · 9 wind · 1 geo · 9 converter (standard 12) · 1 energy storage · 6 con turret

    The example game in this phase · 12 steps
    1. Wind ×2
    2. Con turret
    3. Wind ×5
    4. Advanced Metal ExtractorT2 mex ×2done 5:51 · typical 5:48
    5. Wind
    6. Advanced Metal ExtractorT2 mex
    7. Wind ×3
    8. Advanced Metal ExtractorT2 mex
    9. Wind ×3
    10. Vehicle PlantVehicle Plantdone 7:17 · typical 6:42
    11. Wind
    12. IncisorIncisordone 7:21
  4. 4

    T1 vehicle raid to 10:00

    Builders
    • Construction Turret1 Con turret
    Army
    • Incisor21 Incisor +21 vs standard

    Some games also: converter (47%) · wind (42%) · incisor for allies (32%) · con vehicle (32%)

    The standard build makes here, this one skips: 4 converter

    By 10:00 in all: 4 mex · 12 wind · 1 geo · 14 converter · 1 energy storage · 7 con turret

    The example game in this phase · 223 steps
    1. Wind
    2. IncisorIncisor
    3. Wind
    4. IncisorIncisor
    5. Wind
    6. IncisorIncisor
    7. Wind
    8. IncisorIncisor
    9. Wind
    10. IncisorIncisor ×2
    11. Wind
    12. IncisorIncisor
    13. Wind
    14. IncisorIncisor ×7
    15. Converter
    16. IncisorIncisor
    17. Converter
    18. IncisorIncisor
    19. Converter
    20. IncisorIncisor ×2
    21. Converter
    22. IncisorIncisor
    23. Converter
    24. IncisorIncisor ×2
    25. Converter
    26. Bot LabBot Labdone 8:40
    27. IncisorIncisor
    28. Converter
    29. Construction VehicleCon vehicle
    30. Converter
    31. Advanced Vehicle PlantAdvanced Vehicle Plantdone 9:48
    32. PrudePrudedone 9:43
    33. GraverobberGraverobber ×2
    34. RocketeerRocketeer
    35. PawnPawn ×2
    36. GraverobberGraverobber
    37. PawnPawn ×2
    38. QuakerQuakerdone 9:37
    39. PawnPawn
    40. GraverobberGraverobber
    41. PawnPawn
    42. Construction BotCon bot
    43. GraverobberGraverobber
    44. LazarusLazarus
    45. Converter
    46. CenturionCenturion
    47. PawnPawn
    48. QuakerQuaker
    49. PawnPawn
    50. Advanced Metal ExtractorT2 mex
    51. MaceMace
    52. PawnPawn
    53. QuakerQuaker
    54. PawnPawn
    55. Converter
    56. PawnPawn
    57. QuakerQuaker
    58. Construction BotCon bot
    59. LazarusLazarus
    60. TickTick
    61. ThistleThistle
    62. TickTick ×2
    63. QuakerQuaker
    64. TickTick ×3
    65. Converter
    66. ThistleThistle
    67. TickTick
    68. QuakerQuaker
    69. TickTick ×2
    70. ThistleThistle
    71. TickTick
    72. ObscurerJammer
    73. TickTick
    74. Twin GuardTwin Guard
    75. TickTick
    76. SentrySentry
    77. TickTick
    78. ThistleThistle
    79. OmenRadar vehicle
    80. TickTick ×3
    81. Converter
    82. ThistleThistle
    83. QuakerQuaker
    84. TickTick ×3
    85. ThistleThistle
    86. QuakerQuaker
    87. PawnPawn ×2
    88. Converter
    89. QuakerQuaker
    90. Armada CommanderArmada Commander
    91. PawnPawn
    92. QuakerQuaker
    93. FuryFurydone 11:29
    94. PawnPawn
    95. ThistleThistle
    96. Converter
    97. PawnPawn
    98. FuryFury
    99. Advanced Metal ExtractorT2 mex
    100. TickTick
    101. PawnPawn
    102. FuryFury
    103. PawnPawn
    104. ThistleThistle
    105. Converter
    106. PawnPawn
    107. Con turret
    108. PawnPawn
    109. Wind
    110. RocketeerRocketeer
    111. PawnPawn
    112. GruntGrunt
    113. Converter
    114. TickTick
    115. PounderPounder
    116. PawnPawn
    117. ThistleThistle
    118. GruntGrunt
    119. PawnPawn
    120. PounderPounder
    121. Wind
    122. GruntGrunt
    123. PawnPawn
    124. Converter
    125. PawnPawn
    126. GruntGrunt
    127. CenturionCenturion
    128. PawnPawn
    129. ThistleThistle
    130. TickTick
    131. TzarTzardone 12:33
    132. GruntGrunt
    133. PawnPawn
    134. Converter
    135. Wind
    136. PawnPawn
    137. GruntGrunt
    138. PawnPawn
    139. Con turret
    140. PawnPawn
    141. Con turret
    142. GruntGrunt
    143. Converter
    144. Advanced Metal ExtractorT2 mex
    145. PawnPawn
    146. Wind
    147. GruntGrunt
    148. Con turret
    149. GruntGrunt
    150. TickTick
    151. PawnPawn
    152. QuakerQuaker
    153. GruntGrunt
    154. PawnPawn
    155. GruntGrunt
    156. Converter
    157. Wind
    158. PawnPawn
    159. QuakerQuaker ×2
    160. GruntGrunt ×2
    161. Wind
    162. Con turret
    163. PawnPawn
    164. GruntGrunt
    165. QuakerQuaker
    166. PawnPawn
    167. GruntGrunt
    168. BanisherBanisherdone 13:40
    169. GruntGrunt
    170. TickTick
    171. Converter
    172. GruntGrunt
    173. PawnPawn
    174. GruntGrunt
    175. PawnPawn
    176. Wind
    177. GruntGrunt
    178. BanisherBanisher
    179. GruntGrunt
    180. PawnPawn
    181. Advanced Metal ExtractorT2 mex
    182. PawnPawn
    183. SaviourMobile anti-nukedone 14:23
    184. GruntGrunt
    185. PawnPawn
    186. GruntGrunt
    187. Wind
    188. Converter
    189. TickTick
    190. PawnPawn
    191. GruntGrunt
    192. Wind
    193. PawnPawn ×2
    194. Wind
    195. GruntGrunt
    196. PawnPawn
    197. BanisherBanisher
    198. GruntGrunt
    199. Wind
    200. GruntGrunt
    201. Wind ×2
    202. PawnPawn
    203. Wind
    204. GruntGrunt
    205. Converter
    206. TickTick
    207. Wind
    208. Wind
    209. PawnPawn
    210. GruntGrunt ×2
    211. Wind
    212. BanisherBanisher
    213. Wind ×2
    214. PawnPawn
    215. Wind
    216. GruntGrunt
    217. Wind
    218. PawnPawn
    219. GruntGrunt
    220. Wind
    221. GruntGrunt
    222. PawnPawn
    223. GruntGrunt

Counts are medians over the build's games: half of them build more, half fewer. The example game is Immort's (59 OS, 13/08/2026); pick another.

Team trades

IN AT LEAST 30% OF ITS GAMES

You hand over

  • Graverobber1 Graverobber to Beach sea or Suicide frontfirst at 2:13 · in 95% of games
  • Construction Bot1 Con bot to Beach seafirst at 2:50 · in 79% of games
  • Incisor13 Incisor to Pond or Suicide front or Frontfirst at 8:32 · in 37% of games
  • Construction Turret2 Con turret to Suicide front or Beach sea or Geo seafirst at 10:01 · in 32% of games

You get

  • Advanced Construction Bot1 T2 con bot from Techfirst at 4:45 · in 100% of games
  • Hercules1 Light transport from Air or Techfirst at 5:09 · in 42% of games

How it plays out

Typical game of this build against the role’s standard build, running totals by minute

  • This build
  • Standard geo

Metal produced

020k40k
0:005:0010:0015:00

metal

Enemy metal destroyed

05k10k
0:005:0010:0015:00

metal

Own metal lost

05k10k
0:005:0010:0015:00

metal

19 games.

Show as table
ByMetal produced: This buildMetal produced: Standard geoEnemy metal destroyed: This buildEnemy metal destroyed: Standard geoOwn metal lost: This buildOwn metal lost: Standard geo
1:003333350000
2:008288590000
3:00146214970000
4:00247426620000
5:00360237560000
6:00556256740000
7:0076297986001300
8:00105201103426003600
9:00141361408012653191074
10:00167931692225303342290258
11:001964419769309112553386720
12:0022707226484379249942041538
13:0025543255126757431643252629
14:0028976284978559600358354360
15:0032509317479541826484566299
WHAT THE NUMBERS SAY

Lost more often than the standard build, destroying more but also losing far more metal by 15:00.

  • + Destroys more enemy metal by 10:00 and 15:00 than standard.
  • + Catch units alone chew through a typical 3644 metal by 15:00.
  • − Own metal lost more than triples the standard build by 10:00.
  • − Team win rate drops well below the role's standard.
THE EXAMPLE YOU ARE READING

Immort

58.5 OS · 13/08/2026

Open source match ↗

53 received units · includes a constructor
2502 metal received · 48762 energy received

Allied construction assistance is unknown. Timings are observations, not a promise of solo reproducibility.

Typical milestones

Bot Lab1:06Middle 50%: 0:57–1:27 · n=19
Geothermal Powerplant3:20Middle 50%: 3:11–3:58 · n=19
Advanced Metal Extractor5:48Middle 50%: 5:30–6:10 · n=19
Vehicle Plant6:42Middle 50%: 5:57–7:17 · n=18

Played most by

Amrissa4games of this buildUsurpeR4games of this buildzeus_on_god3games of this buildViltrum2games of this builddarkstar231game of this build